[Event "Late-Titled-Tuesday-Blitz-January-23-2024"]
[Site "Chess.com"]
[Date "2024.01.23"]
[Round "3"]
[White "Iuckyducky"]
[Black "ChessSwole"]
[Result "1-0"]
[WhiteElo "2353"]
[BlackElo "2604"]
[TimeControl "180+1"]
[EndTime "14:29:57 PST"]
[Termination "Iuckyducky won on time"]

1. e4 c5 2. Nf3 Nc6 3. Nc3 Nf6 4.
g3 d5 5. exd5 Nxd5 6. Nxd5 Qxd5 7. Bg2 Qe4+ 8. Qe2 Qxc2 9. O-O e6 10. Ng5 Nd4 11. Qh5 Qg6 12. Qxg6 hxg6 13. d3 Be7 14.
Ne4 Bd7 15. Be3 Rc8 16. b4 Nc2 17. Rac1 Nxe3 18. fxe3 cxb4 19. Rxc8+ Bxc8 20. Rc1 Bd7 21. Nc5 Bc6 22. Nxb7 Bxg2 23. Kxg2 Kd7 24. Nc5+ Bxc5 25. Rxc5 Rh5 26. Rc4 a5 27. g4 Rb5 28. Kg3 a4 29.
Kf4 b3 30. axb3 axb3 31. Rc1 b2 32. Rb1 g5+ 33. Kf3 Kd6 34. Ke4 Rb4+ 35. d4 Rb3 36.
Kf3 Kd5 37. Ke2 Ke4 38. Kd2 Rxe3 39. Rxb2 Rh3 40. Ke1 Kxd4 41. Kf1 Rf3+ 42. Kg2 Rf4 43. h3 Ke5 44. Rb7 Kf6 45. Rb5 Rd4 46. Rb6 Rd2+ 47. Kg3 Ke5 48. Rb7 Kf6 49. Rb6 Rd3+ 50. Kg2 Rd7 51. Ra6 Ke5 52. Ra5+ Kf6 53. Ra6 Kg6 54. Kg3 Re7 55. Kf3 f6 56. Rb6 e5 57. Ra6 Rb7 58. Kg3 Rb3+ 59. Kg2 e4 60. Re6 Rb4 61. Kf2 Kf7 62.
Ra6 Rb2+ 63. Kg3 Rb3+ 64. Kg2 e3 65. Ra1 g6 66. Re1 Ke6 67. Kf3 Ke5 68. Rxe3+ Rxe3+ 69. Kxe3 1-0

[Event "Late-Titled-Tuesday-Blitz-January-23-2024"]
[Site "Chess.com"]
[Date "2024.01.23"]
[Round "3"]
[White "MightyGMpretender"]
[Black "Ajedrecista3000"]
[Result "1-0"]
[WhiteElo "2757"]
[BlackElo "2573"]
[TimeControl "180+1"]
[EndTime "14:29:58 PST"]
[Termination "MightyGMpretender won on time"]

1. Nf3 Nf6 2. d4 e6 3. Bf4 b6 4. e3 Bd6 5. Bxd6 cxd6 6. c4 Bb7 7. Nc3 d5 8. cxd5 Nxd5 9. Nxd5 Bxd5 10. Bd3 O-O 11.
O-O Bb7 12. e4 Nc6 13. Qd2 Rc8 14. Rac1 Ne7 15. Qb4 Nc6 16. Qd6 Re8 17. d5 exd5 18. exd5 Qe7 19. Qf4 Nb4 20. Rxc8 Rxc8 21. Bxh7+ Kxh7 22. d6 Qf6 23. Qxb4 Bxf3 24. gxf3 Qxf3 25. Re1 Rc5 26.
Qe4+ Qxe4 27. Rxe4 Rd5 28. Re7 Rxd6 29. Rxf7 Rd2 30. b4 Kg6 31. Rf8 Rxa2 32. Rd8 Rd2 33. Ra8 Ra2 34. Rd8 Rd2 35. Ra8 Rd4 36. b5 Ra4 37.
Rd8 Rd4 38. Ra8 Rd5 39. Rxa7 Kf6 40. Rb7 Rd6 41. Kg2 Ke5 42. Kf3 Kd5 43. Rc7 Ke6 44.
Rb7 Kd5 45. Rc7 Ke6 46. Rc4 Rd5 47. Rb4 Rh5 48. h4 Kd5 49. Rg4 Rf5+ 50. Ke3 Rf7 51.
Kd3 Kc5 52. Rg5+ d5 53. f4 Rd7 54. h5 Kxb5 55. Kd4 Kc6 56. Rg6+ Kc7 57. f5 Rf7 58. Ke5 Re7+ 59. Kxd5 Rf7 60. Ke6 Rd7 61. Rg1 Rd6+ 62. Kf7 Rd5 63. Kg6 b5 64. Rf1 b4 65.
Kxg7 b3 66. h6 Rd7+ 67. Kg6 Rd6+ 68. f6 Rd2 69. h7 Rg2+ 70. Kf7 Rh2 71. Kg7 Rg2+ 72.
Kf8 Rh2 73. Rb1 Rxh7 74. Rxb3 Kd7 75. f7 Ke6 76. Re3+ Kf6 77. Ke8 Kg7 78. f8=Q+ 1-0

[Event "Late-Titled-Tuesday-Blitz-January-23-2024"]
[Site "Chess.com"]
[Date "2024.01.23"]
[Round "3"]
[White "HackingKid98"]
[Black "jamengrand"]
[Result "1/2-1/2"]
[WhiteElo "2543"]
[BlackElo "2266"]
[TimeControl "180+1"]
[EndTime "14:30:01 PST"]
[Termination "Game drawn by repetition"]

1. Nf3 Nf6 2. c4 e6 3. Nc3 d5 4.
e3 c5 5. cxd5 Nxd5 6. Bc4 Be7 7.
O-O O-O 8. d4 Nxc3 9. bxc3 a6 10. a4 Qc7 11. Qe2 Nd7 12. e4 cxd4 13. cxd4 b6 14. Bg5 Bxg5 15. Nxg5 Bb7 16. Rac1 Qd6 17. Rfd1 Rac8 18. e5 Qe7 19. Ne4 Bxe4 20. Qxe4 b5 21. axb5 axb5 22. Bxb5 Rxc1 23. Rxc1 Nb6 24. Qc6 Nd5 25.
Bc4 Nf4 26. Qe4 Qg5 27. Re1 Rd8 28. g3 Rxd4 29. Qa8+ Rd8 30. Qe4 Nd5 31. Rd1 h5 32. Bxd5 exd5 33. Rxd5 Rxd5 34. Qxd5 Qc1+ 35. Kg2 Qe1 36.
Qd8+ Kh7 37. Qd3+ g6 38. Qf3 Kg8 39. Qf4 Qe2 40. h4 Qe1 41. Qf6 Qe2 42. Qd8+ Kg7 43.
Qf6+ Kg8 44. Kh2 Qe1 45. Qf4 Qe2 46. Qe3 Qxe3 47. fxe3 Kf8 48. Kg2 Ke7 49. Kf3 Ke6 50. Ke4 Ke7 51. Kd5 Kd7 52. e6+ fxe6+ 53. Ke5 Ke7 54. e4 Kf7 55. Kf4 Kf6 56. e5+ Kf7 57. Ke3 Ke7 58. Ke4 Ke8 59. Kd3 Kd7 60. Kd4 Kc8 61. Kc4 Kb8 62. Kb4 Kc8 63. Kc4 Kb8 64. Kb4 Kc8 65. Ka5 Kc7 66. Kb5 Kb7 67. Kc5 Kc7 68.
Kb4 Kb8 69. Kc4 Kc8 70. Kd4 Kd8 71. Ke4 Ke8 72. Kf4 Kf8 73. Kg5 Kg7 74. Kf4 Kf8 75.
Kf3 Kf7 76. Ke3 Ke8 77. Kd3 Kd8 78. Kd2 Kd7 79. Ke3 Ke7 80. Ke4 Ke8 1/2-1/2

[Event "Late-Titled-Tuesday-Blitz-January-23-2024"]
[Site "Chess.com"]
[Date "2024.01.23"]
[Round "3"]
[White "Qvalda"]
[Black "CarlosjPineror"]
[Result "1/2-1/2"]
[WhiteElo "2443"]
[BlackElo "2604"]
[TimeControl "180+1"]
[EndTime "14:30:02 PST"]
[Termination "Game drawn by repetition"]

1. Nf3 Nf6 2. g3 g6 3. b3 Bg7 4. Bb2 O-O 5. Bg2 d6 6. d4 c6 7. O-O Qa5 8. h3 Na6 9. c4 Re8 10. a3 e5 11. b4 Qc7 12. dxe5 dxe5 13. c5 e4 14. Nd4 Qe7 15. e3 h5 16. Nd2 Be6 17. Nxe6 Qxe6 18. Qc2 Nc7 19. Rad1 Ncd5 20. Nc4 Re7 21. Rd2 Rf8 22. Rfd1 h4 23. g4 Nh7 24. Bxg7 Kxg7 25. Rd4 Ng5 26. Nd6 f5 27. Qe2 Kh6 28. R1d2 f4 29. exf4 Nxf4 30. Qe3 Nxg2 31. Kxg2 Qe5 32.
Re2 Qf4 33. Qxf4 Rxf4 34. Re3 Kg7 35. Nc4 Kf6 36. Nd2 Ke5 37. Rd6 Re6 38. Nc4+ Kf6 39.
Rd7 Re7 40. Rd6+ Re6 41. Rd7 Nf3 42. Rxb7 Nd4 43. Rd7 Nf3 44. Rd6 g5 45. Rxe6+ Kxe6 46. Re2 Kd5 47. Re3 Kxc4 48. Re2 Nd4 49. Re1 Nc2 50.
Rd1 Nxa3 51. Rd7 Kxb4 52. Rxa7 Nb5 53. Rg7 Kxc5 54. Rxg5+ Kd4 55. Rg6 c5 56. g5 c4 57.
Rb6 Kc5 58. g6 Kxb6 59. g7 Rf6 60. g8=Q Rc6 61. Qb8+ Kc5 62. Qe5+ Kb4 63. Qxe4 Rc5 64. Qb1+ Ka5 65. Qa2+ Kb6 66. Qb1 c3 67. Qg6+ Ka5 68.
Qb1 c2 69. Qa1+ Kb4 70. Qb2+ Ka5 71. Qc1 Nd4 72. f4 Nb3 73. Qa3+ Kb5 74. Qxb3+ Kc6 75. Qe6+ Kb5 76. Qb3+ Kc6 77. Qe6+ Kb7 78. Qf7+ Kb6 79. Qb3+ Kc7 80. Qf7+ Kc6 81. Qe6+ 1/2-1/2

[Event "Late-Titled-Tuesday-Blitz-January-23-2024"]
[Site "Chess.com"]
[Date "2024.01.23"]
[Round "3"]
[White "XeresLt"]
[Black "Kamilek84"]
[Result "0-1"]
[WhiteElo "2477"]
[BlackElo "2692"]
[TimeControl "180+1"]
[EndTime "14:30:09 PST"]
[Termination "Kamilek84 won by resignation"]

1. e4 c5 2. Nf3 Nc6 3. d4 cxd4 4. Nxd4 e5 5. Nb5 d6 6. N1c3 a6 7. Na3 b5 8. Nd5 Nce7 9. c3 Nxd5 10. Qxd5 Be6 11. Qd1 Nf6 12. Bg5 Be7 13. Bxf6 Bxf6 14. Be2 d5 15. exd5 Qxd5 16. O-O O-O 17. Bf3 e4 18.
Qxd5 Bxd5 19. Be2 b4 20. Nb1 a5 21. a3 b3 22. Nd2 Rfc8 23. Rfd1 a4 24. Nf1 Be6 25. Ne3 g6 26. Bb5 Rc5 27. Bd7 Ra6 28. Bxe6 Rxe6 29. Kf1 Be5 30. g3 f5 31. Rd5 Rxd5 32. Nxd5 Rd6 33. Rd1 Kf7 34. Ke2 g5 35. Ne3 Rxd1 36. Kxd1 Ke6 37. Nc4 Bc7 38. Ke2 f4 39.
gxf4 gxf4 40. h3 f3+ 41. Ke3 Kd5 42. Nd2 Bb6+ 43. Kf4 Bc7+ 44. Kf5 e3 45. fxe3 f2 46. e4+ Kc6 47. e5 Kd5 48. e6 Bd6 49. Kf6 Bxa3 50. bxa3 b2 51. e7 b1=Q 52. e8=Q Qb6+ 53. Kg7 Qc7+ 54.
Kh8 Qxc3+ 55. Kxh7 Qd3+ 56. Qg6 Qxd2 57. Qf5+ Kc4 58.
Qe6+ Kc3 59. Qe5+ Kc2 60. Qc5+ Kd1 61. Qh5+ Qe2 62. Qd5+ Ke1 63. Qa5+ Qd2 64. Qe5+ Qe2 65. Qa5+ Kf1 66. Qxa4 Kg1 67. Qd4 Kh1 68. Qd5+ Kh2 69.
Qd6+ Kg1 70. Qd4 Qe1 71. Qg4+ Kf1 72. Qc4+ Qe2 73. Qf4 Ke1 74. Qb4+ Qd2 75. Qf4 Qxf4 76. h4 Qg3 77. h5 Qh4 78. h6 f1=Q 79. Kg7 Qff6+ 0-1

[Event "Late-Titled-Tuesday-Blitz-January-23-2024"]
[Site "Chess.com"]
[Date "2024.01.23"]
[Round "3"]
[White "DavidGavrilescu18"]
[Black "Oleksandr_Bortnyk"]
[Result "1/2-1/2"]
[WhiteElo "2811"]
[BlackElo "3069"]
[TimeControl "180+1"]
[EndTime "14:30:11 PST"]
[Termination "Game drawn - insufficient material"]

1. e4 Nf6 2. e5 Nd5 3. d4 d6 4. c4 Nb6 5. exd6 exd6 6. Bd3 Be7 7. Nc3 O-O 8. h3 c6 9. Nf3 Na6 10. a3 d5 11. c5 Nd7 12. O-O Nc7 13. Re1 g6 14.
Bh6 Re8 15. Qd2 Ne6 16. b4 Bf6 17. Ne2 a5 18. b5 a4 19. Rab1 Qa5 20. Qxa5 Rxa5 21.
Nc3 Rd8 22. Bd2 Ra8 23. Rb4 Ndxc5 24. dxc5 Nxc5 25. Bb1 Bf5 26. bxc6 bxc6 27. Bxf5 gxf5 28. Rb6 Rac8 29. Ne2 Ne4 30. Bf4 Be7 31. Rb7 Bxa3 32. Ra1 Bc5 33. Be3 Bxe3 34. fxe3 Nc5 35. Rb6 Re8 36. Ned4 Rxe3 37. Nxc6 a3 38. Ncd4 Ra8 39. Nxf5 Rb3 40. Rc6 Ne6 41. Kh2 h5 42. Ra2 Ra4 43.
Rcc2 d4 44. Rd2 d3 45. Ne1 Nc5 46. Ne3 Re4 47. Nxd3 Nxd3 48. Nc2 Ra4 49. Re2 Nf4 50. Re3 Rb2 51. Raxa3 Rxa3 52. Nxa3 Rxg2+ 53. Kh1 Ra2 54. Rf3 Ra1+ 55. Kh2 Ra2+ 56. Kh1 Ne2 57. Nc4 h4 58. Ne5 f5 59. Ng6 Ra1+ 60. Kg2 Ra2 61. Rf2 Kf7 62. Nxh4 Nf4+ 63. Kf3 Ra4 64. Nxf5 Nxh3 65. Rh2 Ng5+ 66. Kg3 Kf6 67. Ne3 Ra3 68. Kf2 Ra2+ 69.
Kg3 Ra3 70. Kf2 Ne6 71. Rh6+ Kf7 72. Rh5 Ra2+ 73. Kf3 Ra3 74. Rf5+ Kg6 75. Re5 Kf6 76. Rf5+ Ke7 77. Re5 Kd6 78. Re4 Ng5+ 79. Kf4 Ne6+ 80. Kf5 Ng7+ 81. Kg6 Ra7 82. Nf5+ Nxf5 83. Kxf5 Rf7+ 84.
Kg4 Rf1 85. Rf4 Rg1+ 86. Kf3 Kd5 87. Kf2 Ra1 88. Rf3 Kd4 89. Kg3 Ke4 90. Rf4+ Ke5 91. Rf3 Ra2 92. Rf2 Rxf2 93. Kxf2 1/2-1/2

[Event "Late-Titled-Tuesday-Blitz-January-23-2024"]
[Site "Chess.com"]
[Date "2024.01.23"]
[Round "3"]
[White "RantomOpening"]
[Black "iturrizaga"]
[Result "0-1"]
[WhiteElo "2537"]
[BlackElo "3014"]
[TimeControl "180+1"]
[EndTime "14:30:13 PST"]
[Termination "iturrizaga won by checkmate"]

1. c4 c5 2. Nf3 b6 3. Nc3 Bb7 4. e3 Nf6 5. d4 cxd4 6. exd4 g6 7. Be2 Bg7 8. O-O O-O 9. Bg5 d5 10. Bxf6 Bxf6 11. Nxd5 Bxd5 12. cxd5 Qxd5 13. Ne5 Bxe5 14. dxe5 Qxd1 15. Rfxd1 Nc6 16. Bf3 Rac8 17. Bxc6 Rxc6 18.
Rd7 e6 19. Rxa7 Rd8 20. Rf1 Rd5 21. g3 Rxe5 22. Rd1 Rc2 23. b3 Ree2 24. Rf1 Rxa2 25.
Rb7 Reb2 26. Rxb6 Ra3 27. b4 Rab3 28. Rc1 Rxb4 29. Rxb4 Rxb4 30. Rc2 g5 31. Kg2 Kg7 32. Ra2 Kg6 33. Ra8 h5 34. Rg8+ Kf6 35. Rh8 h4 36.
gxh4 Rxh4 37. Rb8 Kf5 38. h3 f6 39. Rb5+ e5 40. Ra5 Rd4 41. Rb5 Kf4 42. Rb2 Rd3 43. Re2 f5 44. Rb2 e4 45. Rc2 Ra3 46. Rb2 Rd3 47. Rc2 Ke5 48. Rc5+ Rd5 49. Rc2 f4 50. Rc8 Rd2 51. Re8+ Kf5 52. Rf8+ Kg6 53. Rg8+ Kf6 54.
Kf1 Rd1+ 55. Ke2 Ra1 56. Rf8+ Kg7 57. Re8 Ra4 58. Re5 Kf6 59. Re8 Ra2+ 60. Kf1 Kf5 61. Rf8+ Kg6 62. Rg8+ Kf6 63. Rf8+ Ke7 64. Rf5 Ke6 65.
Rxg5 f3 66. Kg1 Ra1+ 67. Kh2 Rf1 68. Rg8 Rxf2+ 69. Kg1 Ra2 70. Re8+ Kf5 71. h4 Kf4 72. h5 e3 73. Rf8+ Kg4 74. Rg8+ Kxh5 75. Rg3 Ra1+ 76. Kh2 f2 77. Rxe3 f1=Q 78. Re5+ Kg4 79. Re4+ Kf5 80. Rf4+ Qxf4+ 81. Kg2 Ra2+ 82. Kh1 Qh2# 0-1

[Event "Late-Titled-Tuesday-Blitz-January-23-2024"]
[Site "Chess.com"]
[Date "2024.01.23"]
[Round "3"]
[White "ferdipy"]
[Black "sina101"]
[Result "1-0"]
[WhiteElo "2312"]
[BlackElo "2511"]
[TimeControl "180+1"]
[EndTime "14:30:28 PST"]
[Termination "ferdipy won by checkmate"]

1. e4 c5 2. d4 cxd4 3. c3 dxc3 4. Nxc3 Nc6 5. Bc4 e6 6. Nf3 Nf6 7. Qe2 Qc7 8. O-O d6 9. Be3 Be7 10. Rac1 O-O 11. Rfd1 a6 12. Bb3 Qa5 13. Na4 Nd7 14. h3 Qh5 15. Nc3 Nce5 16. Nxe5 Qxe2 17. Nxe2 Nxe5 18.
Rc7 Bd8 19. Rcc1 Be7 20. Rc7 Ng6 21. g3 Rd8 22. h4 h5 23. f4 Kf8 24. f5 exf5 25. exf5 Ne5 26. Rf1 Ng4 27. Bg5 Bf6 28.
Rxf7+ Ke8 29. Bxf6 gxf6 30. Nd4 d5 31. Rh7 Rd7 32. Rxh5 Re7 33. Rh8+ Kd7 34. Bxd5 Kd6 35. Be6 Bxe6 36. Rxa8 Bd5 37. Rd8+ Kc5 38. Ne6+ Bxe6 39. fxe6 Rxe6 40. Rc1+ Kb6 41. Rd4 Ne5 42. Kf2 a5 43.
Rcd1 Kc7 44. Rc1+ Kb6 45. Rcd1 Kc7 46. R1d2 Nc6 47. Rd7+ Kb6 48. R7d6 Re4 49. Rxf6 a4 50. Rf4 Re5 51. Rxa4 Kb5 52. Rf4 Ne7 53. a4+ Ka6 54. b4 Nd5 55. b5+ Ka5 56. Rfd4 Nc3 57. R2d3 Ne4+ 58.
Kf3 Nf6 59. Re3 Rf5+ 60. Rf4 Rc5 61. Rxf6 Rc1 62. Rf4 Rf1+ 63. Kg4 Ra1 64. h5 Rc1 65.
h6 Rh1 66. Kg5 b6 67. Rh4 Rf1 68. Rh2 Re1 69. Rxe1 Kb4 70. Rb2+ Ka5 71. Rb4 Kxb4 72. a5 Kxa5 73. h7 Kb4 74. h8=Q Ka5 75. Qc3+ Kxb5 76. Re5+ Ka6 77. Qa3+ Kb7 78. Re7+ Kc6 79. Qc3+ Kb5 80. Re5+ Ka6 81. Qc4+ Kb7 82. Qb5 Kc7 83.
Re7+ Kd6 84. Rd7+ Ke6 85. Qd5# 1-0

[Event "Late-Titled-Tuesday-Blitz-January-23-2024"]
[Site "Chess.com"]
[Date "2024.01.23"]
[Round "4"]
[White "shimastream"]
[Black "Fonsofan"]
[Result "1-0"]
[WhiteElo "3002"]
[BlackElo "2642"]
[TimeControl "180+1"]
[EndTime "14:32:10 PST"]
[Termination "shimastream won by resignation"]

1. d4 Nf6 2. Bf4 d5 3. e3 c6 4.
c4 Bf5 5. Qb3 Qb6 6. c5 Qxb3 7.
axb3 Bxb1 8. Rxb1 a6 9. b4 Nh5 10. Bc7 Kd7 11. Be5 f6 12. Bxb8 Rxb8 13. g4 1-0

[Event "Late-Titled-Tuesday-Blitz-January-23-2024"]
[Site "Chess.com"]
[Date "2024.01.23"]
[Round "4"]
[White "Ajedrecista3000"]
[Black "chessflav"]
[Result "1-0"]
[WhiteElo "2576"]
[BlackElo "2312"]
[TimeControl "180+1"]
[EndTime "14:32:37 PST"]
[Termination "Ajedrecista3000 won by resignation"]

1. c4 e5 2. g3 Nc6 3. Bg2 g6 4. Nc3 Bg7 5. Rb1 a5 6. a3 d6 7. h4 Be6 8. d3 h6 9. Nf3 Qd7 10.
Nd2 Nge7 11. Nd5 Nd8 12. b4 axb4 13. axb4 c6 14. Nb6 Qc7 15. Nxa8 b5 16. Nxc7+ 1-0

[Event "Late-Titled-Tuesday-Blitz-January-23-2024"]
[Site "Chess.com"]
[Date "2024.01.23"]
[Round "4"]
[White "IgorBjelobrk"]
[Black "Kombinator01"]
[Result "1-0"]
[WhiteElo "2629"]
[BlackElo "2458"]
[TimeControl "180+1"]
[EndTime "14:33:11 PST"]
[Termination "IgorBjelobrk won by resignation"]

1. d4 Nf6 2. c4 e6 3. g3 d5 4. Bg2 h6 5. Nf3 Bd6 6. O-O O-O 7. Qc2 Nc6 8. b3 dxc4 9. bxc4 e5 10. e3 Bg4 11.
Nbd2 e4 12. Nxe4 Nxe4 13. Qxe4 Qf6 14. Qxg4 1-0

[Event "Late-Titled-Tuesday-Blitz-January-23-2024"]
[Site "Chess.com"]
[Date "2024.01.23"]
[Round "4"]
[White "subham777"]
[Black "jup1978"]
[Result "1-0"]
[WhiteElo "2545"]
[BlackElo "2398"]
[TimeControl "180+1"]
[EndTime "14:33:22 PST"]
[Termination "subham777 won by resignation"]

1. e4 e5 2. Nf3 Nc6 3. Bc4 Be7 4. c3 Nf6 5. d3 O-O 6. O-O d5 7. exd5 Nxd5 8. Re1 Bf6 9. Nbd2 Re8 10. Ne4 Bg4 11. h3 Bxf3 12. Qxf3 Nb6 13. Bb3 Na5 14. Bc2 Be7 15. Be3 Nc6 16. Bb3 Bf6 17. Rad1 Nd5 18.
Bxd5 1-0

[Event "Late-Titled-Tuesday-Blitz-January-23-2024"]
[Site "Chess.com"]
[Date "2024.01.23"]
[Round "4"]
[White "FrenchHarvey"]
[Black "TimGrutter03"]
[Result "0-1"]
[WhiteElo "2779"]
[BlackElo "2573"]
[TimeControl "180+1"]
[EndTime "14:33:29 PST"]
[Termination "TimGrutter03 won by resignation"]

1. e4 c5 2. Nf3 d6 3. c3 Nf6 4. h3 g6 5. Bd3 Bg7 6. O-O O-O 7. Bc2 e5 8. d4 exd4 9. cxd4 Nc6 10. Nc3 Re8 11.
d5 Nd4 12. Nxd4 cxd4 13. Nb5 Nxe4 14. Nxd4 Bd7 15. Be3 Rc8 16. Bb3 Ng3 17. Re1 Nf5 18.
Nxf5 Bxf5 19. Bd4 Rxe1+ 20. Qxe1 Bxd4 0-1

[Event "Late-Titled-Tuesday-Blitz-January-23-2024"]
[Site "Chess.com"]
[Date "2024.01.23"]
[Round "4"]
[White "Practical-Play"]
[Black "Iuckyducky"]
[Result "1-0"]
[WhiteElo "2524"]
[BlackElo "2347"]
[TimeControl "180+1"]
[EndTime "14:33:47 PST"]
[Termination "Practical-Play won by resignation"]

1. e4 c5 2. c3 Nf6 3. e5 Nd5 4.
d4 cxd4 5. Nf3 d6 6. Bc4 Be6 7. Nxd4 dxe5 8. Nxe6 fxe6 9. Qh5+ Kd7 10. Qxe5 Nc6 11.
Qe2 Kc7 12. Qxe6 1-0

[Event "Late-Titled-Tuesday-Blitz-January-23-2024"]
[Site "Chess.com"]
[Date "2024.01.23"]
[Round "4"]
[White "Ellaijio_B"]
[Black "traviscottofficial"]
[Result "1-0"]
[WhiteElo "2748"]
[BlackElo "2541"]
[TimeControl "180+1"]
[EndTime "14:33:49 PST"]
[Termination "Ellaijio_B won by resignation"]

1. e4 c5 2. Nf3 Nc6 3. d4 cxd4 4. Nxd4 e6 5. Nc3 Nf6 6. Ndb5 d6 7. Bf4 e5 8. Bg5 a6 9. Na3 b5 10. Nd5 Be7 11.
Bxf6 gxf6 12. c4 b4 13. Nc2 a5 14. Be2 Be6 15. O-O f5 16. exf5 Bxf5 17. Nce3 Be6 18.
Bg4 Nd4 19. Bxe6 fxe6 20. Qh5+ Kd7 21. Nxe7 Qxe7 22. c5 dxc5 23. Qxe5 Rhg8 24. Kh1 Qg5 25. Qe4 Qg6 26. Qb7+ 1-0

[Event "Late-Titled-Tuesday-Blitz-January-23-2024"]
[Site "Chess.com"]
[Date "2024.01.23"]
[Round "4"]
[White "SanchezKelvin"]
[Black "IlanSchnaider"]
[Result "0-1"]
[WhiteElo "2547"]
[BlackElo "2762"]
[TimeControl "180+1"]
[EndTime "14:33:53 PST"]
[Termination "IlanSchnaider won by checkmate"]

1. e4 c5 2. Nf3 d6 3. d4 cxd4 4. Nxd4 Nf6 5. Nc3 a6 6. Bg5 Nbd7 7. f4 Qc7 8. Qf3 h6 9. Bxf6 Nxf6 10. f5 Qc5 11.
O-O-O g5 12. fxg6 Bg4 13. gxf7+ Kxf7 14. Qd3 Bxd1 15. Nxd1 Bg7 16. Nb3 Qg5+ 17. Kb1 Rhc8 18. Be2 Kg8 19. Ne3 Qe5 20. c3 Qxe4 21. Qxe4 Nxe4 22.
Bf3 Nc5 23. Na5 e6 24. Nxb7 Rab8 25. Nxd6 Bxc3 26. Nxc8 Rxb2+ 27. Kc1 Nd3+ 28. Kd1 Rd2# 0-1

[Event "Late-Titled-Tuesday-Blitz-January-23-2024"]
[Site "Chess.com"]
[Date "2024.01.23"]
[Round "4"]
[White "Sjakkerntobi"]
[Black "Josgar05"]
[Result "1-0"]
[WhiteElo "2505"]
[BlackElo "2318"]
[TimeControl "180+1"]
[EndTime "14:34:02 PST"]
[Termination "Sjakkerntobi won by resignation"]

1. e4 c6 2. Nc3 d5 3. Nf3 Bg4 4.
h3 Bxf3 5. Qxf3 e6 6. d3 Qf6 7. Qg3 Qg6 8. Qc7 Nd7 9. Qxb7 Rb8 10. Qxc6 Ne7 11. Qa4 f5 12. exd5 exd5 13. d4 h5 14. Bb5 Qe6+ 15. Kd1 Rb7 16. Re1 Qd6 17. g3 a6 18. Bxd7+ Rxd7 19. Bf4 Qc6 20. Qxc6 1-0

[Event "Late-Titled-Tuesday-Blitz-January-23-2024"]
[Site "Chess.com"]
[Date "2024.01.23"]
[Round "4"]
[White "RodokininEV"]
[Black "Sargsyan_Shant"]
[Result "0-1"]
[WhiteElo "2608"]
[BlackElo "2913"]
[TimeControl "180+1"]
[EndTime "14:34:12 PST"]
[Termination "Sargsyan_Shant won by resignation"]

1. e4 g6 2. d4 Nf6 3. Nc3 d5 4.
exd5 Nxd5 5. Nxd5 Qxd5 6. Nf3 Bg7 7. Be2 O-O 8. O-O Rd8 9. c3 Bf5 10. Be3 Nd7 11. Qa4 c6 12. Rad1 Nb6 13. Qb3 Qxb3 14.
axb3 Bc2 15. Ra1 Bxb3 16. Bf4 Bc4 17. Rfe1 Bxe2 18. Rxe2 Nd5 19. Bg5 Rd7 20. h4 e6 21. Bd2 b5 22. Ra6 Nb6 23. Bc1 Rc8 24. Ne5 Bxe5 25. Rxe5 Nd5 26. Kf1 h5 27. Bd2 c5 28.
dxc5 Rxc5 29. Re1 Nc7 30. Be3 Nxa6 0-1

[Event "Late-Titled-Tuesday-Blitz-January-23-2024"]
[Site "Chess.com"]
[Date "2024.01.23"]
[Round "4"]
[White "Jem"]
[Black "picturesquecheck"]
[Result "1-0"]
[WhiteElo "2159"]
[BlackElo "2373"]
[TimeControl "180+1"]
[EndTime "14:34:18 PST"]
[Termination "Jem won by resignation"]

1. e4 c6 2. d4 g6 3. Nc3 Bg7 4. Be3 d5 5. e5 h5 6. Bd3 Nh6 7. Nf3 Bg4 8. h3 Bxf3 9. Qxf3 e6 10. O-O Nd7 11. a4 Rc8 12. a5 a6 13. Na4 Qxa5 14. Nc5 Qc7 15. Nxe6 fxe6 16. Bxg6+ Kd8 17. Bg5+ Nf6 18.
Bxf6+ Bxf6 19. Qxf6+ Kd7 20. Qg7+ 1-0

[Event "Late-Titled-Tuesday-Blitz-January-23-2024"]
[Site "Chess.com"]
[Date "2024.01.23"]
[Round "4"]
[White "Mops_2004"]
[Black "iulik86"]
[Result "1-0"]
[WhiteElo "2858"]
[BlackElo "2595"]
[TimeControl "180+1"]
[EndTime "14:34:26 PST"]
[Termination "Mops_2004 won by resignation"]

1. Nf3 d5 2. g3 g6 3. Bg2 Bg7 4. d4 Nf6 5. O-O O-O 6. c3 Na6 7. Bf4 c5 8. Ne5 Qb6 9. Qb3 cxd4 10. Qxb6 axb6 11. cxd4 Nb4 12. Nc3 e6 13. Rfc1 Nd7 14.
Nf3 Nc6 15. Nb5 Ra5 16. a4 Nf6 17. Bd6 Re8 18. b4 1-0

[Event "Late-Titled-Tuesday-Blitz-January-23-2024"]
[Site "Chess.com"]
[Date "2024.01.23"]
[Round "4"]
[White "SergioMoralesG"]
[Black "dsanchez1973"]
[Result "1-0"]
[WhiteElo "2464"]
[BlackElo "2171"]
[TimeControl "180+1"]
[EndTime "14:34:30 PST"]
[Termination "SergioMoralesG won by resignation"]

1. d4 d5 2. c4 c6 3. Nf3 e6 4. Qc2 Nf6 5. Bf4 Bd6 6. e3 O-O 7. Nc3 a6 8. Bg5 h6 9. Bh4 Nbd7 10. c5 Be7 11. Bd3 Re8 12. O-O Nf8 13. b4 N6d7 14.
Bg3 Bf6 15. Ne5 Nxe5 16. dxe5 Be7 17. Na4 Nd7 18. a3 Qc7 19. f4 h5 20. Rf3 Nf8 21. Bf2 f6 22. Bg6 Rd8 23. Bxh5 fxe5 24. fxe5 Qxe5 25.
Bf7+ Kh8 26. Rh3+ 1-0

[Event "Late-Titled-Tuesday-Blitz-January-23-2024"]
[Site "Chess.com"]
[Date "2024.01.23"]
[Round "4"]
[White "diamonds13"]
[Black "chegueps"]
[Result "1-0"]
[WhiteElo "2376"]
[BlackElo "2665"]
[TimeControl "180+1"]
[EndTime "14:34:31 PST"]
[Termination "diamonds13 won by checkmate"]

1. d4 Nf6 2. c4 g6 3. Nc3 Bg7 4. e4 d6 5. Be2 O-O 6. Be3 a5 7.
g4 e5 8. d5 Na6 9. h4 Nc5 10. f3 h5 11. g5 Nh7 12. Nh3 f6 13. gxf6 Bxf6 14. Ng5 Nxg5 15. hxg5 Bxg5 16. Qd2 Bxe3 17.
Qxe3 Qf6 18. Kd2 Qf4 19. Rag1 Kh7 20. Rg5 Bd7 21. Bd1 Rf6 22. Ne2 Qxe3+ 23. Kxe3 Kh6 24. Rhg1 Raf8 25. Ng3 Kxg5 26. Nf5# 1-0

[Event "Late-Titled-Tuesday-Blitz-January-23-2024"]
[Site "Chess.com"]
[Date "2024.01.23"]
[Round "4"]
[White "bazar-wokzal"]
[Black "mbchess97"]
[Result "1-0"]
[WhiteElo "2578"]
[BlackElo "2329"]
[TimeControl "180+1"]
[EndTime "14:34:37 PST"]
[Termination "bazar-wokzal won by checkmate"]

1. e4 c5 2. c3 Nf6 3. e5 Nd5 4. d4 cxd4 5. cxd4 d6 6. Bc4 e6 7. Nf3 Nc6 8. O-O Nb6 9. Bd3 Be7 10. Qe2 a6 11. Nc3 Nb4 12. Bb1 N4d5 13. Bd2 Nxc3 14. bxc3 dxe5 15. dxe5 Bd7 16. Nd4 Qc7 17. f4 g6 18. Be4 Rc8 19. Rab1 Nd5 20. Bxd5 exd5 21.
f5 gxf5 22. e6 fxe6 23. Nxe6 Qc4 24. Qh5# 1-0

[Event "Late-Titled-Tuesday-Blitz-January-23-2024"]
[Site "Chess.com"]
[Date "2024.01.23"]
[Round "4"]
[White "Balla_Tamas"]
[Black "MajorCoast"]
[Result "1-0"]
[WhiteElo "2454"]
[BlackElo "2223"]
[TimeControl "180+1"]
[EndTime "14:34:37 PST"]
[Termination "Balla_Tamas won by checkmate"]

1. e4 c5 2. c3 Qa5 3. Nf3 Nc6 4. Be2 g6 5. O-O Bg7 6. d4 cxd4 7. cxd4 d5 8. exd5 Qxd5 9. Nc3 Qa5 10. d5 Ne5 11.
Nxe5 Bxe5 12. Bb5+ Bd7 13. Bxd7+ Kxd7 14. Qg4+ f5 15.
Qf3 Qc7 16. h3 a6 17. Be3 Nf6 18. Rad1 Bxc3 19. bxc3 Qxc3 20. d6 Ne4 21. dxe7+ Kxe7 22. Rfe1 Qc6 23. Rc1 Qb5 24. Bg5+ Ke6 25. Rxe4+ fxe4 26. Qf6+ Kd5 27. Rd1+ Kc4 28. Qd4# 1-0

[Event "Late-Titled-Tuesday-Blitz-January-23-2024"]
[Site "Chess.com"]
[Date "2024.01.23"]
[Round "4"]
[White "ansko1999"]
[Black "ImportedItalianMaple"]
[Result "1-0"]
[WhiteElo "2702"]
[BlackElo "2430"]
[TimeControl "180+1"]
[EndTime "14:34:46 PST"]
[Termination "ansko1999 won by resignation"]

1. Nf3 Nf6 2. c4 b6 3. d4 Bb7 4.
Nc3 e6 5. Qc2 c5 6. d5 exd5 7.
cxd5 Nxd5 8. g3 Be7 9. Qe4 Nxc3 10. Qxb7 Nc6 11. bxc3 a6 12. Rb1 b5 13. Ne5 Ra7 14.
Nxc6 Rxb7 15. Nxd8 1-0

[Event "Late-Titled-Tuesday-Blitz-January-23-2024"]
[Site "Chess.com"]
[Date "2024.01.23"]
[Round "4"]
[White "chessisveryfun1264"]
[Black "Grandmaster2B"]
[Result "0-1"]
[WhiteElo "2559"]
[BlackElo "2806"]
[TimeControl "180+1"]
[EndTime "14:34:56 PST"]
[Termination "Grandmaster2B won by resignation"]

1. e4 c6 2. d4 d5 3. e5 c5 4. dxc5 Nc6 5. Nf3 Bg4 6. Be2 Bxf3 7. Bxf3 e6 8. O-O Bxc5 9. Re1 Nge7 10. c4 dxc4 11.
Qa4 Qd4 12. Be3 Qxe5 13. Nc3 O-O 14. Qxc4 Bxe3 15. Rxe3 Qa5 16. Rae1 Rad8 17. a3 a6 18. Qh4 Nf5 0-1